 Dungeon Crawl Stone Soup version 0.31-a0-188-g5e087ee2ca (webtiles) character file.

Game seed: 1899421744258045683

109 qw the Skirmisher (level 4, -7/25 HPs)
             Began as a Deep Elf Hunter on June 23, 2023.
             Mangled by Sigmund
             ... wielding a +3 scythe of protection
              (11 damage)
             ... on level 3 of the Dungeon.
             The game lasted 00:01:22 (2028 turns).

qw the Skirmisher (Deep Elf Hunter)                 Turns: 2028, Time: 00:01:22

Health: -7/25      AC:  5    Str: 10    XL:     4   Next: 59%
Magic:  6/6        EV: 11    Int: 14    God:
Gold:   94         SH:  0    Dex: 18    Spells: 3/3 levels left

rFire   . . .        Y - +2 shortbow
rCold   . . .        (shield currently unavailable)
rNeg    . . .        h - +0 ring mail
rPois   .            (no helmet)
rElec   .            (no cloak)
rCorr   .            (no gloves)
SInv    .            (no boots)
Will    .....        (no amulet) Stlth
                     (no ring)
HPRegen 0.24/turn    (no ring)
MPRegen 0.10/turn

%: no passive effects
@: confused
A: no striking features
a: no special abilities


You were on level 3 of the Dungeon.
You visited 1 branch of the dungeon, and saw 3 of its levels.

You collected 94 gold pieces.


   Skills:
 - Level 1.5 Fighting
 + Level 8.0 Ranged Weapons
 - Level 2.4 Dodging
 - Level 1.2 Stealth


You had 3 spell levels left.
You didn't know any spells.
Your spell library was empty.

Inventory:

Hand Weapons
 Y - a +2 shortbow (weapon)
Armour
 h - a +0 ring mail (worn)
Scrolls
 b - a scroll of amnesia {unknown}
 c - a scroll of revelation {unknown}
 d - a scroll of immolation {unknown}
Potions
 e - a potion of degeneration {unknown}
 f - a potion of curing {unknown}
 g - a potion of berserk rage {unknown}

Dungeon Overview and Level Annotations

Branches:
Dungeon (3/15)

Altars:
Trog

Annotations:
D:3 2 transporters, Sigmund; qw's ghost, amateur DEHu


Message History

Enter note:
Enter note:
Enter note: You feel less confused.
Sigmund screams, "Die, monster!"
Sigmund hits you from afar with a +3 scythe of protection.
Enter note:
Enter note:
Enter note:
Enter note:
Enter note:
Enter note:
Enter note:
Enter note: Sigmund breathes a few words.
Sigmund's hands start flickering wildly.
Enter note:
Enter note:
Enter note:
Enter note:
Enter note:
Enter note:
Enter note:
Enter note:
Enter note:
Enter note:
Enter note:
Enter note:
Enter note:
Enter note:
2026 ||| READING scroll labelled UNALUTUSAI.
The air fills with toxic fumes!
As you read the scroll labelled UNALUTUSAI, it crumbles to dust.
It was a scroll of poison.
Sigmund casts a spell at you.
You are confused.
Sigmund gestures at you while chanting. The magic dart hits you.
Sigmund hits you from afar with a +3 scythe of protection!
You die...

.......................#
......¤¤¤¤¤#...>..######
.......¤¤¤¤#......#
.......¤¤¤¤#......#
........¤¤¤#......#
........¤¤¤#....¤.#
#'#¤¤...¤¤¤.########
#@#¤##¤¤¤¤¤.........
#¤¤@¤¤¤¤#'##########
#######¤###¤#.# #..
#.....¤¤¤.#.#.# #
#.#####¤#¤#.#.# # #.#
#¤#¤#.#.# # #.#
#¤#[#.#.# #
#.#####¤#.#.#.# #
#.....¤¤#.#.#.# #
#########.#.# #


You could see Sigmund.

Vanquished Creatures
  6 adders
  4 dart slugs
  An endoplasm (D:1)
  A goblin (D:3)
  3 hobgoblins
  4 jackals (D:2)
  4 kobolds
  4 quokkas
  9 ball pythons
  3 bats
  A frilled lizard (D:1)
  8 rats
48 creatures vanquished.

Notes
Turn   | Place    | Note
-------+----------+-------------------------------------------
     0 | D:1      | qw the Deep Elf Hunter began the quest for the Orb.
     0 | D:1      | Reached XP level 1. HP: 12/12 MP: 3/3
     0 | D:1      | 0 ||| qw: Version: 0.3-a-9-g12657ce
     0 | D:1      | 0 ||| qw: Game counter: 3853
     0 | D:1      | 0 ||| qw: Always use a shield: true
     0 | D:1      | 0 ||| qw: God list: Okawaru
     0 | D:1      | 0 ||| qw: Allow faded altars: false
     0 | D:1      | 0 ||| qw: Do Orc after D:15 true
     0 | D:1      | 0 ||| qw: Do second Lair branch before Depths: true
     0 | D:1      | 0 ||| qw: Lair rune preference: random
     0 | D:1      | 0 ||| qw: Plans: Normal
     0 | D:1      | 0 ||| PLANNING D:1-11
   108 | D:1      | Reached XP level 2. HP: 15/16 MP: 4/4
   115 | D:1      | Found a faded altar of an unknown god.
   123 | D:1      | Reached skill level 6 in Ranged Weapons
   463 | D:1      | Reached XP level 3. HP: 20/20 MP: 5/5
   515 | D:1      | 515 ||| UPGRADING to +0 ring mail.
   525 | D:1      | 525 ||| DROPPING +0 leather armour.
   526 | D:1      | 526 ||| READING scroll labelled CICWOE ULOZIDEWK.
   531 | D:1      | 531 ||| READING scroll labelled NENKIA JUNIOSA.
   532 | D:1      | 532 ||| READING scroll labelled QOETO SOKKOI.
   533 | D:1      | 533 ||| DROPPING scroll of butterflies.
   853 | D:2      | Reached skill level 7 in Ranged Weapons
   886 | D:2      | Found a bloodstained altar of Trog.
  1140 | D:2      | Reached XP level 4. HP: 25/25 MP: 6/6
  1252 | D:2      | 1252 ||| READING scroll of enchant weapon.
  1252 | D:2      | 1252 ||| ENCHANTING +1 shortbow.
  1444 | D:2      | 1444 ||| READING scroll labelled FUFOSAPLIOGG.
  1488 | D:2      | 1488 ||| READING scroll labelled QEDOWE GOTZAICH.
  1489 | D:2      | 1489 ||| READING scroll labelled GOTWEPP SIPET.
  1885 | D:3      | Reached skill level 8 in Ranged Weapons
  1936 | D:3      | Found a transporter.
  1939 | D:3      | Noticed qw's ghost (amateur DEHu)
  1942 | D:3      | Found a transporter.
  2013 | D:3      | Noticed Sigmund
  2026 | D:3      | 2026 ||| READING scroll labelled UNALUTUSAI.
  2027 | D:3      | HP: 4/25 [Sigmund/magic dart (6)]
  2028 | D:3      | Mangled by Sigmund

Levels and vault maps discovered:
D:1:      minmay_arrival_up_and_down, layout_basic, basic_ecumenical_altar
D:2:      layout_basic, basic_altar
D:3:      layout_basic, gammafunk_ghost_arena, uniq_sigmund

Skill      XL: |  1  2  3  4 |
---------------+-------------+-----
Ranged Weapons | 6 7 8 |  8.0
Fighting       | |  1.5
Dodging        | |  2.4
Stealth        | |  1.2

Action                     |  1- 3 |  4- 6 || total
---------------------------+-------+-------++-------
   Fire: Shortbow          |   109 |    44 ||   153
    Use: Scroll            |     3 |     5 ||     8
 Armour: Leather armour    |     3 |       ||     3
         Ring mail         |    15 |     2 ||    17
  Dodge: Dodged            |    38 |     6 ||    44

Table legend:
 A = Non-vault XP
 B = Vault XP
 C = Vault XP percentage of total XP
 D = Non-vault monster count
 E = Vault monster count
 F = Vault count percentage of total count
                 A         B        C        D         E       F
            +---------+---------+-------+---------+---------+-------
      Total |     156 |       0 |   0.0 |      48 |       0 |   0.0
            +---------+---------+-------+---------+---------+-------
        D:1 |      41 |       0 |   0.0 |      22 |       0 |   0.0
        D:2 |      75 |       0 |   0.0 |      16 |       0 |   0.0
        D:3 |      40 |       0 |   0.0 |      10 |       0 |   0.0
            +---------+---------+-------+---------+---------+-------
